 Dungeon Crawl Stone Soup version 0.27-a0-249-g74f53ef629 (webtiles) character file.

Game seed: 17731210352123559978

25550 puppykicker the Basher (level 13, -1/130 HPs)
             Began as an Ogre Enchanter on Feb 3, 2021.
             Was a High Priest of Dithmenos.
             Slain by an eight-headed hydra (9 damage)
             ... on level 2 of the Lair of Beasts.
             The game lasted 01:25:13 (24480 turns).

puppykicker the Basher (Ogre Enchanter)            Turns: 24480, Time: 01:25:13

Health: -1/130     AC:  7    Str: 18    XL:     13   Next: 20%
Magic:  0/30       EV: 11    Int: 16    God:    Dithmenos [*****.]
Gold:   598        SH:  0    Dex: 10    Spells: 4/23 levels left

rFire    . . .     SeeInvis .   a - +4 flail (vorpal)
rCold    . . .     Faith    .   (no shield)
rNeg     . . .     Spirit   +   r - +2 robe {Will+}
rPois    .         Reflect  .   (helmet restricted)
rElec    .         Harm     .   j - +1 cloak {rCorr}
rCorr    +         Rampage  .   (gloves unavailable)
Will     ++...                  (boots unavailable)
Stlth    ++++......             G - amulet of guardian spirit {Spirit}
HPRegen  0.31/turn              e - ring of magical power {MP+9}
MPRegen  0.22/turn              u - +4 ring of slaying

@: wreathed by umbra
A: large, unfitting armour, tough skin 1
a: Renounce Religion, Shadow Step, Shadow Form


You were on level 2 of the Lair of Beasts.
You worshipped Dithmenos.
Dithmenos was extremely pleased with you.
You visited 2 branches of the dungeon, and saw 16 of its levels.

You collected 1014 gold pieces.
You spent 416 gold pieces at shops.

Inventory:

Hand Weapons
 a - a +4 vorpal flail (weapon)
 b - a +1 giant spiked club
 w - a +0 giant club
Missiles
 d - 2 throwing nets
 s - 3 javelins
 C - 7 atropa-tipped darts
 F - 3 curare-tipped darts
 K - 3 large rocks (quivered)
Armour
 j - a +1 cloak of preservation (worn)
 r - a +2 robe of willpower (worn)
Jewellery
 e - a ring of magical power (left hand) {MP+9}
 u - a +4 ring of slaying (right hand)
 G - an amulet of guardian spirit (around neck) {Spirit}
 S - an uncursed ring of see invisible
Wands
 o - a wand of paralysis (15)
 D - a wand of digging (12)
 I - a wand of polymorph (5)
 L - a wand of flame (15)
Scrolls
 f - 2 scrolls of fog
 h - a scroll of enchant weapon
 k - 4 scrolls of remove curse
 l - a scroll of immolation {!r}
 p - a scroll of vulnerability {!r!r}
 t - 7 scrolls of teleportation
 y - a scroll of silence
 A - a scroll of magic mapping {!r}
 N - a scroll of amnesia
 O - a scroll of enchant armour
 P - a scroll of holy word {!r}
Potions
 c - 3 potions of brilliance
 g - 4 potions of mutation {!q}
 m - 2 potions of resistance
 n - 4 potions of heal wounds
 q - 2 potions of lignification {!q}
 v - a potion of flight
 x - a potion of ambrosia
 z - a potion of attraction {!q}
 E - 7 potions of curing
 H - a potion of berserk rage {!q}
 J - 2 potions of haste


   Skills:
 + Level 8.8 Fighting
 - Level 2.0 Short Blades
 * Level 12.7 Maces & Flails
 + Level 7.4 Throwing
 - Level 5.0 Armour
 - Level 5.0 Dodging
 - Level 4.0 Stealth
 + Level 5.6 Spellcasting
 + Level 5.3 Conjurations
 - Level 6.0 Hexes
 + Level 2.7 Summonings
 + Level 2.7 Translocations
 - Level 4.0 Ice Magic
 + Level 2.7 Air Magic
 - Level 4.0 Earth Magic
 + Level 2.8 Poison Magic


You had 4 spell levels left.
You knew the following spells:

 Your Spells              Type           Power        Failure   Level
a - Corona                Hex            25%          1%          1
b - Blink                 Tloc           N/A          7%          2
c - Dazzling Flash        Conj/Hex       44%          4%          3
d - Tukima's Dance        Hex            23%          3%          3
e - Ensorcelled Hibernat  Hex/Ice        40%          2%          2
f - Stone Arrow           Conj/Erth      38%          6%          3
g - Call Imp              Summ           13%          7%          2
x - Mephitic Cloud        Conj/Pois/Air  16%          10%         3

Your spell library contained the following spells:

 Spells                   Type           Power        Failure   Level
 Magic Dart               Conj           84%          1%          1
 Slow                     Hex            23%          1%          2
 Sandblast                Erth           34%          2%          1
 Confusing Touch          Hex            23%          3%          3
 Passwall                 Tmut/Erth      8%           10%         2
 Conjure Flame            Conj/Fire      13%          14%         3
 Petrify                  Tmut/Erth      10%          52%         4
 Lee's Rapid Deconstruct  Erth           8%           58%         5


Dungeon Overview and Level Annotations

Branches:
Dungeon (14/15)            Temple (0/1) D:6            Lair (2/6) D:9
    Orc (0/2) D:12
  Swamp: Lair:2-4    Shoals: Lair:2-4     Snake: Lair:2-4    Spider: Lair:2-4
 Vaults: D:13-14

Altars:
Cheibriados
Dithmenos
Elyvilon
Fedhas
Kikubaaqudgha
Makhleb
Nemelex Xobeh
Okawaru
Qazlal
Ru
Trog
Xom
Zin
Beogh

Shops:
D:12 [   D:13 *

Portals:
Trove: D:11 (show slimy rune of Zot)

Annotations:
D:8 2 transporters
D:11 3 runed translucent doors, ArcanElement's ghost, journeyman HuFi
D:14 Agnes
Lair:1 2 transporters, dickylongcocking's ghost, journeyman TeAE


Innate Abilities, Weirdness & Mutations

You are too large for most types of armour.
You have tough skin. (AC +1)


Message History

* * * LOW MAGIC WARNING * * *;
* * * LOW HITPOINT WARNING * * *
You take 39 damage, and have 1/130 hp.
MASSIVE DAMAGE!!
You now have 0/30 mp.
Unknown command.
Okay, then.
Okay, then.
You feel much better.
The eight-headed hydra completely misses you.
The eight-headed hydra bites you.
* * * LOW HITPOINT WARNING * * *
The eight-headed hydra bites you.
* * * LOW HITPOINT WARNING * * *
The eight-headed hydra bites you!
* * * LOW HITPOINT WARNING * * *
The eight-headed hydra bites you!
* * * LOW HITPOINT WARNING * * *
The eight-headed hydra barely misses you.
The eight-headed hydra bites you!
You die...

###### ## ##...P# ##
#.# . #.....## ##.
#..#..
#......###.##..#...
##....#.#...#.....
#................. P.
#.(...((D@....... .
#.# #.##P#.....#.#....
## #.. #..#####....# #
. .. ...##... ###....#
. #...#..####....### #
#...........##.## ..
.P
#.......#.###..####...
... #..D.....##
##.(...........###
###..#####
##..P.#.........#.


You could see an eight-headed hydra.

Levels and vault maps discovered:
D:1:      dpeg_arrival_windows_large_door, layout_basic, serial_glass,
          glass_columns_c, glass_columns_b, kennysheep_pointless_box,
          grunt_decor_resistance
D:2:      layout_loops_ring, uniq_terence, uniq_crazy_yiuf_cottage
D:3:      layout_loops_ring, fedhas_altar_3, lemuel_round_altar
D:4:      layout_basic, zin_academy, grunt_temple_overflow_open,
          gammafunk_ghost_icy, minmay_fountain_box, minivault_24,
          palyth_stone_intersect, minmay_manual_monstrance, uniq_sigmund
D:5:      layout_gridville, minmay_small_thing
D:6:      layout_gridville, bloody_makhleb, overflow_temple_1_default,
          minmay_temple_entry_hall
D:7:      layout_basic, pf_just_have_faith
D:8:      layout_cave_pools, cheibrodos_worm_habitat,
          gammafunk_temple_overflow_arena, hangedman_abyss_or_decor_stagger,
          minmay_fractal_squares_diagonal_5
D:9:      layout_small_grid, chequers_temple_overflow_minitemple,
          elyvilon_altar_1, minmay_lair_entry_grove, grunt_ministairs_5,
          minivault_8, uniq_maurice, uniq_psyche, uniq_grum
D:10:     layout_loops_corners, minmay_misc_feat_four_crosses, abandoned_shop,
          uniq_nergalle, uniq_gastronok
D:11:     layout_basic, enter_trove_1, maelrawn_ghost_gauntlet_escape
D:12:     layout_long_grid, zombieorc1_lemuel, serial_shops, shop
D:13:     layout_loops_cross, serial_shops, shop, special_room
          [special_room_orc], serial_bayou_pond_e
D:14:     layout_loops_cross, david_vaults_4, kennysheep_flooded_box,
          roderic_batcave, minivault_1, uniq_agnes
Lair:1:   layout_cave_pods, gammafunk_ghost_wrathful_warriors
Lair:2:   layout_layer_cave, chequers_serial_rivers_small_a,
          infiniplex_staircase_pool_2

Notes
Turn   | Place    | Note
-------+----------+-------------------------------------------
     0 | D:1      | puppykicker the Ogre Enchanter began the quest for the Orb.
     0 | D:1      | Reached XP level 1. HP: 16/16 MP: 3/3
    34 | D:1      | Identified a +0 club
   229 | D:1      | Identified a +0 dagger
   245 | D:1      | Reached skill level 1 in Short Blades
   431 | D:1      | Identified a +0 club
   474 | D:1      | Reached XP level 2. HP: 17/26 MP: 2/5
   477 | D:1      | Learned a level 2 spell: Ensorcelled Hibernation
   493 | D:1      | Identified a +1 dagger
   758 | D:1      | Identified a +0 club
   759 | D:1      | Identified a +0 club
   772 | D:1      | Reached skill level 2 in Dodging
  1196 | D:1      | Reached skill level 1 in Fighting
  1260 | D:1      | Reached skill level 1 in Maces & Flails
  1336 | D:1      | Reached XP level 3. HP: 28/33 MP: 6/6
  1413 | D:1      | Identified a +0 short sword
  1760 | D:1      | Identified a cursed -2 dagger
  1962 | D:1      | Identified a +0 dagger
  2098 | D:2      | Identified a +0 short sword
  2360 | D:2      | Identified a +0 club
  2360 | D:2      | Identified a +0 dagger
  2360 | D:2      | Identified a cursed -1 robe
  2361 | D:2      | Identified a +0 club
  2375 | D:2      | Reached XP level 4. HP: 37/41 MP: 0/8
  2558 | D:2      | Identified a +0 club
  2573 | D:2      | Reached skill level 3 in Hexes
  2698 | D:2      | Identified a +0 club
  2732 | D:2      | HP: 8/41 [frilled lizard (3)]
  2733 | D:2      | Identified a potion of heal wounds
  2926 | D:1      | Identified a +0 whip (You found it on level 1 of the
                  | Dungeon)
  2972 | D:2      | Identified a ring of magical power (You found it on level 2
                  | of the Dungeon)
  3143 | D:2      | HP: 8/41 [worm (5)]
  3389 | D:2      | Identified a +0 dagger
  3579 | D:2      | Found a runed translucent door.
  3580 | D:2      | Identified a +3 quarterstaff of chaos
  3580 | D:2      | Identified a +0 cloak
  3580 | D:2      | Noticed Crazy Yiuf
  3616 | D:2      | Identified a +0 club
  3869 | D:2      | Identified a +4 vorpal flail
  3869 | D:2      | Identified a +0 ring mail
  3869 | D:2      | Noticed Terence
  3882 | D:2      | HP: 8/42 [Terence/+4 vorpal flail (4)]
  3904 | D:2      | Killed Terence
  3905 | D:2      | Reached skill level 2 in Fighting
  3905 | D:2      | Reached skill level 3 in Spellcasting
  4168 | D:2      | Learned a level 3 spell: Tukima's Dance
  4172 | D:2      | Learned a level 3 spell: Dazzling Flash
  4324 | D:2      | HP: 9/41 [Crazy Yiuf (7)]
  4325 | D:2      | Killed Crazy Yiuf
  4326 | D:2      | Reached XP level 5. HP: 11/49 MP: 8/9
  4661 | D:3      | Identified a +0 club
  4662 | D:3      | Identified a +0 club
  4668 | D:3      | Identified 2 scrolls of teleportation
  4677 | D:3      | Identified an uncursed amulet of guardian spirit (You found
                  | it on level 3 of the Dungeon)
  4686 | D:3      | Identified a +0 club
  4694 | D:3      | Identified a +0 flail
  4700 | D:3      | Reached skill level 2 in Maces & Flails
  4705 | D:3      | Found an ancient bone altar of Kikubaaqudgha.
  4705 | D:3      | Identified a +0 club
  4742 | D:3      | Identified a +0 short sword
  5016 | D:3      | Identified a +0 club
  5235 | D:3      | Reached skill level 1 in Ice Magic
  5235 | D:3      | Found a blossoming altar of Fedhas.
  5532 | D:3      | Identified a +0 whip
  5667 | D:4      | Found a glowing silver altar of Zin.
  5708 | D:4      | Found a runed translucent gate.
  5708 | D:4      | Found a runed translucent gate.
  5708 | D:4      | Found a runed translucent gate.
  5804 | D:4      | Found a sparkling altar of Nemelex Xobeh.
  5810 | D:4      | Found a shadowy altar of Dithmenos.
  5960 | D:4      | Reached XP level 6. HP: 47/59 MP: 10/10
  5977 | D:4      | Became a worshipper of Dithmenos the Shadowed
  6234 | D:4      | Reached skill level 2 in Short Blades
  6234 | D:4      | Reached skill level 1 in Conjurations
  6294 | D:4      | Noticed an ice beast
  6308 | D:4      | Noticed Zdeegee's ghost (amateur DDNe)
  6390 | D:4      | Identified a +0 scythe
  6390 | D:4      | Identified a +2 robe of willpower
  6390 | D:4      | Noticed Sigmund
  6411 | D:4      | Killed Sigmund
  6412 | D:4      | Reached skill level 3 in Fighting
  6412 | D:4      | Reached skill level 3 in Maces & Flails
  6412 | D:4      | Reached skill level 1 in Throwing
  6412 | D:4      | Reached XP level 7. HP: 67/67 MP: 2/11
  6521 | D:4      | Reached skill level 3 in Stealth
  6830 | D:5      | Entered Level 5 of the Dungeon
  6830 | D:5      | Identified a +0 hand axe
  6840 | D:5      | Identified a +0 giant spiked club
  6853 | D:5      | Reached skill level 4 in Maces & Flails
  6878 | D:5      | Reached skill level 2 in Ice Magic
  7043 | D:5      | Identified a +0 dagger
  7043 | D:5      | Identified a +0 leather armour
  7052 | D:5      | Identified 3 scrolls of identify
  7052 | D:5      | Identified a potion of might
  7053 | D:5      | Identified 2 potions of mutation
  7054 | D:5      | Identified 3 potions of brilliance
  7181 | D:5      | Identified a +0 spear
  7183 | D:5      | Identified a +0 spear
  7185 | D:5      | Identified a +0 club
  7408 | D:5      | Reached skill level 2 in Conjurations
  7461 | D:5      | Reached XP level 8. HP: 30/78 MP: 0/12
  7709 | D:5      | Reached skill level 5 in Maces & Flails
  7709 | D:5      | Reached skill level 2 in Throwing
  7776 | D:5      | Identified a scroll of remove curse
  7818 | D:5      | Reached skill level 4 in Fighting
  7818 | D:5      | Reached skill level 4 in Hexes
  7956 | D:5      | Reached * piety under Dithmenos
  7961 | D:5      | Identified a +0 giant club
  8189 | D:5      | Identified a +0 flail
  8189 | D:5      | Identified a +0 dagger
  8189 | D:5      | Identified a +0 robe
  8388 | D:6      | Found a burning altar of Makhleb.
  8418 | D:6      | Found a sacrificial altar of Ru.
  8435 | D:6      | Identified a +0 mace
  8436 | D:6      | Identified a +0 shortbow
  8436 | D:6      | Identified a +0 club
  8436 | D:6      | Identified a +0 leather armour
  8437 | D:6      | Identified a +0 whip
  8437 | D:6      | Identified a +0 ring mail
  8437 | D:6      | Identified a +0 hand axe
  8437 | D:6      | Identified a +0 ring mail
  8444 | D:6      | Reached skill level 6 in Maces & Flails
  8462 | D:6      | Identified a +0 dagger
  8462 | D:6      | Identified a +0 robe
  8462 | D:6      | Identified a +0 hand axe
  8462 | D:6      | Identified a +0 leather armour
  8462 | D:6      | Identified a +0 hand axe
  8462 | D:6      | Identified a +0 scale mail
  8463 | D:6      | Identified a +0 dagger
  8463 | D:6      | Identified a +0 ring mail
  8463 | D:6      | Identified a +0 flail
  8466 | D:6      | Identified a +0 club
  8466 | D:6      | Identified a +0 leather armour
  8477 | D:6      | HP: 18/79 [orc priest/+0 hand axe (8)]
  8489 | D:6      | HP: 16/79 [orc/+0 hand axe (4)]
  8641 | D:6      | Identified a +0 club
  8641 | D:6      | Identified a +0 ring mail
  8863 | D:6      | Identified a +0 dagger
  8863 | D:6      | Identified a +0 robe
  8863 | D:6      | Identified a +0 flail
  8863 | D:6      | Identified a +0 hand axe
  8867 | D:6      | Reached skill level 3 in Throwing
  8867 | D:6      | Reached skill level 3 in Ice Magic
  8881 | D:6      | Found a staircase to the Ecumenical Temple.
  9524 | D:6      | Identified 4 scrolls of noise
  9691 | D:7      | Reached skill level 5 in Fighting
  9691 | D:7      | Reached skill level 3 in Conjurations
  9691 | D:7      | Reached XP level 9. HP: 78/88 MP: 13/13
  9885 | D:7      | Reached skill level 7 in Maces & Flails
  9892 | D:7      | Reached ** piety under Dithmenos
  9893 | D:7      | Reached skill level 4 in Stealth
 10086 | D:7      | Identified a +0 giant spiked club
 10100 | D:7      | Identified a +0 short sword
 10111 | D:7      | Identified a +0 club
 10111 | D:7      | Identified a +0 scale mail
 10127 | D:7      | Identified a +0 club
 10336 | D:7      | Found an ancient bone altar of Kikubaaqudgha.
 10491 | D:7      | Identified a +0 short sword
 10491 | D:7      | Identified a +0 robe
 10501 | D:7      | Identified a cursed +3 spear of freezing
 10501 | D:7      | Identified a +0 robe
 10511 | D:7      | Identified a cursed -3 trident
 10511 | D:7      | Identified a cursed +0 robe
 10513 | D:7      | Identified a +0 flail
 10513 | D:7      | Identified a cursed +0 robe
 10966 | D:8      | Reached skill level 8 in Maces & Flails
 10967 | D:8      | Identified a +0 giant club
 11012 | D:8      | Identified a ring of slaying (You found it on level 8 of
                  | the Dungeon)
 11156 | D:8      | Identified a +0 giant club
 11173 | D:8      | Reached skill level 4 in Ice Magic
 11287 | D:8      | Reached skill level 6 in Fighting
 11287 | D:8      | Reached skill level 4 in Throwing
 11315 | D:8      | Found a snail-covered altar of Cheibriados.
 11394 | D:8      | Identified a +0 giant spiked club
 11394 | D:8      | Identified a +0 giant spiked club
 11394 | D:8      | Noticed a two-headed ogre
 11409 | D:8      | Found a transporter.
 11449 | D:8      | Identified a potion of flight
 11467 | D:8      | Identified 2 potions of lignification
 11474 | D:8      | Identified a +0 dagger
 11474 | D:8      | Identified a +0 robe
 11474 | D:8      | Identified a +0 club
 11474 | D:8      | Identified a +0 ring mail
 11475 | D:8      | Identified a +0 dagger
 11475 | D:8      | Identified a +0 robe
 11475 | D:8      | Identified a +0 trident
 11475 | D:8      | Identified a +0 ring mail
 11493 | D:8      | Identified a potion of degeneration
 11674 | D:8      | Identified a +0 giant spiked club
 11681 | D:8      | Reached skill level 4 in Conjurations
 11825 | D:8      | Found a transporter.
 11835 | D:8      | Found a stormy altar of Qazlal.
 12178 | D:4      | Killed Zdeegee's ghost
 12178 | D:4      | Reached *** piety under Dithmenos
 12179 | D:4      | Reached skill level 9 in Maces & Flails
 12179 | D:4      | Reached XP level 10. HP: 82/96 MP: 15/15
 12310 | D:9      | Reached skill level 1 in Armour
 12312 | D:9      | Identified a +0 dagger
 12312 | D:9      | Identified a +0 robe
 12312 | D:9      | Identified a +0 dagger
 12312 | D:9      | Identified a +0 robe
 12312 | D:9      | Identified a +0 dagger
 12395 | D:9      | Identified a +0 spear
 12395 | D:9      | Identified a +0 animal skin
 12395 | D:9      | Noticed Grum
 12428 | D:9      | Learned a level 3 spell: Stone Arrow
 12515 | D:9      | Identified a cursed -3 mace
 12515 | D:9      | Noticed a molten gargoyle
 12515 | D:9      | Identified a +0 spear
 12515 | D:9      | Identified a +0 short sword
 12516 | D:9      | Identified a +0 short sword
 12516 | D:9      | Identified a +0 halberd
 12520 | D:9      | Identified a +0 dagger
 12521 | D:9      | Identified a +0 dagger
 12524 | D:9      | Identified a +0 morningstar
 12524 | D:9      | Noticed a molten gargoyle
 12531 | D:9      | HP: 25/150 [molten gargoyle/bolt of magma (18)]
 12534 | D:9      | Killed a molten gargoyle
 12537 | D:9      | Identified a +0 short sword
 12545 | D:9      | Identified a potion of haste
 12585 | D:9      | Identified a +0 whip
 12620 | D:9      | Identified a +0 flail
 12620 | D:9      | Noticed a molten gargoyle
 12984 | D:9      | Identified a +0 short sword
 12984 | D:9      | Identified a +1 cloak of preservation
 12984 | D:9      | Noticed Maurice
 13042 | D:9      | Identified a +0 flail
 13042 | D:9      | Noticed a molten gargoyle
 13057 | D:9      | HP: 25/100 [molten gargoyle/+0 flail (5)]
 13062 | D:9      | Killed a molten gargoyle
 13063 | D:9      | Reached skill level 1 in Earth Magic
 13292 | D:9      | Killed a molten gargoyle
 13293 | D:9      | Reached skill level 7 in Fighting
 13293 | D:9      | Reached skill level 3 in Dodging
 13293 | D:9      | Reached skill level 4 in Spellcasting
 13465 | D:9      | Killed a molten gargoyle
 13466 | D:9      | Reached skill level 10 in Maces & Flails
 13466 | D:9      | Reached skill level 5 in Throwing
 13599 | D:9      | Identified a +0 falchion
 13606 | D:9      | Reached skill level 2 in Armour
 13750 | D:9      | Found a faded altar of an unknown god.
 13750 | D:9      | Found an iron altar of Okawaru.
 13758 | D:9      | Found a bloodstained altar of Trog.
 13760 | D:9      | Found a faded altar of an unknown god.
 13762 | D:9      | Found a shimmering altar of Xom.
 13986 | D:9      | Identified a +4 dagger of chaos
 13986 | D:9      | Identified a +0 robe
 13986 | D:9      | Noticed Psyche
 13997 | D:9      | Killed Psyche
 14005 | D:9      | Reached skill level 2 in Earth Magic
 14063 | D:9      | Killed Maurice
 14064 | D:9      | Reached skill level 5 in Hexes
 14064 | D:9      | Reached XP level 11. HP: 59/109 MP: 17/17
 14243 | D:9      | Found a staircase to the Lair.
 14663 | D:9      | Reached skill level 11 in Maces & Flails
 14866 | D:9      | Killed Grum
 14974 | D:9      | Found a white marble altar of Elyvilon.
 15071 | D:9      | Identified a +0 giant club
 15123 | D:10     | Entered Level 10 of the Dungeon
 15188 | D:10     | Identified a +0 whip
 15188 | D:10     | Identified a +0 whip
 15198 | D:10     | Identified a +0 short sword
 15202 | D:10     | Identified a +0 dagger
 15210 | D:10     | Identified a +0 short sword
 15217 | D:10     | Reached skill level 4 in Dodging
 15217 | D:10     | Identified a +0 whip
 15219 | D:10     | Reached skill level 3 in Armour
 15222 | D:10     | Reached **** piety under Dithmenos
 15284 | D:10     | Identified a potion of attraction
 15298 | D:10     | Identified a +0 mace
 15300 | D:10     | Noticed Gastronok
 15314 | D:10     | Reached skill level 8 in Fighting
 15317 | D:10     | Reached skill level 3 in Earth Magic
 15337 | D:10     | Identified a +0 dagger
 15337 | D:10     | Identified a +0 robe
 15617 | D:10     | Identified a +0 whip
 15617 | D:10     | Identified a +0 ring mail
 15618 | D:10     | Identified a +0 dagger
 15618 | D:10     | Identified a +0 robe
 15619 | D:10     | Identified a +2 vampiric trident
 15619 | D:10     | Identified a +2 dagger of venom
 15654 | D:10     | HP: 19/111 [Gastronok (11)]
 15656 | D:10     | Killed Gastronok
 15657 | D:10     | Reached skill level 6 in Throwing
 16396 | D:10     | HP: 26/111 [worker ant (5)]
 16752 | D:10     | Identified a +0 dagger
 16752 | D:10     | Identified a +0 robe
 16752 | D:10     | Identified a cursed +3 war axe
 16752 | D:10     | Identified a +0 robe
 16753 | D:10     | Identified a +0 short sword
 16753 | D:10     | Identified a +0 robe
 16845 | D:10     | Identified a cursed -1 long sword
 16845 | D:10     | Identified a +0 robe
 16919 | D:10     | Identified a +0 dagger
 16919 | D:10     | Identified a +0 robe
 16919 | D:10     | Noticed Nergalle
 16924 | D:10     | Identified a +0 scimitar
 16924 | D:10     | Identified a +0 plate armour
 16928 | D:10     | Identified a +0 war axe
 16928 | D:10     | Identified a +2 chain mail of willpower
 16928 | D:10     | Identified a +0 long sword
 16928 | D:10     | Identified a cursed +0 plate armour
 16928 | D:10     | Identified a +0 war axe
 16928 | D:10     | Identified a +0 chain mail
 16933 | D:10     | Identified a +0 trident
 16933 | D:10     | Identified a +0 plate armour
 16933 | D:10     | Identified a +0 battleaxe
 16933 | D:10     | Identified a +0 plate armour
 16936 | D:10     | Killed Nergalle
 17029 | D:10     | Identified a +0 shortbow
 17060 | D:10     | Reached skill level 4 in Earth Magic
 17177 | D:10     | Reached skill level 6 in Hexes
 17213 | D:10     | Identified a +0 club
 17213 | D:10     | Identified a cursed +0 leather armour
 17214 | D:10     | Identified a +0 club
 17214 | D:10     | Identified a +0 ring mail
 17214 | D:10     | Identified a +0 leather armour of willpower
 17227 | D:10     | Identified a +0 giant spiked club
 17227 | D:10     | Identified a +0 giant club
 17227 | D:10     | Noticed a two-headed ogre
 17241 | D:10     | Killed a two-headed ogre
 17242 | D:10     | Reached skill level 12 in Maces & Flails
 17242 | D:10     | Reached skill level 4 in Armour
 17242 | D:10     | Reached skill level 5 in Dodging
 17242 | D:10     | Reached XP level 12. HP: 89/119 MP: 6/18
 17656 | D:11     | Identified a +0 dagger
 17656 | D:11     | Identified a +0 robe
 17767 | D:11     | Identified a +0 flail
 17767 | D:11     | Identified a +0 chain mail
 17769 | D:11     | Identified a +0 falchion
 17769 | D:11     | Identified a +0 leather armour
 17770 | D:11     | Identified a +0 mace
 17770 | D:11     | Identified a +0 trident
 17934 | D:11     | Noticed ArcanElement's ghost (journeyman HuFi)
 17934 | D:11     | Identified a +0 dagger
 17934 | D:11     | Identified a +0 robe
 17934 | D:11     | Identified a +0 chain mail
 17934 | D:11     | Noticed a minotaur
 17940 | D:11     | Identified a +0 hand crossbow
 17953 | D:11     | Found a runed translucent gate.
 17953 | D:11     | Found a runed translucent gate.
 17953 | D:11     | Found a runed translucent gate.
 18057 | D:11     | Found a portal to a secret trove of treasure.
 18068 | D:11     | Reached ***** piety under Dithmenos
 18084 | D:11     | Identified 3 potions of curing
 18085 | D:11     | Identified 2 potions of resistance
 18265 | D:11     | Learned a level 2 spell: Blink
 18269 | D:11     | Learned a level 3 spell: Mephitic Cloud
 18272 | D:11     | Learned a level 2 spell: Call Imp
 18646 | D:11     | Identified 2 scrolls of magic mapping
 18647 | D:11     | Identified 2 scrolls of silence
 18666 | D:11     | Noticed a boulder beetle
 18681 | D:11     | HP: 28/119 [boulder beetle (31)]
 19305 | D:11     | Killed a boulder beetle
 19691 | D:12     | Reached skill level 1 in Translocations
 19691 | D:12     | Reached skill level 1 in Poison Magic
 19696 | D:12     | Reached skill level 1 in Summonings
 19696 | D:12     | Reached skill level 1 in Air Magic
 19696 | D:12     | Identified a cursed -2 scimitar
 19696 | D:12     | Identified a +0 chain mail
 19696 | D:12     | Identified a +0 flail
 19698 | D:12     | Identified a +0 whip
 20198 | D:12     | Found a staircase to the Orcish Mines.
 20251 | D:12     | Identified a +0 dagger
 20251 | D:12     | Identified a +0 robe
 20257 | D:12     | Reached skill level 7 in Throwing
 20285 | D:12     | Identified a +0 giant club
 20337 | D:12     | Identified a +5 shortbow
 20481 | D:12     | Found Qikyisaife's Antique Armour Boutique.
 20774 | D:13     | Identified a +0 mace
 20810 | D:13     | Identified a +0 giant club
 20883 | D:13     | Identified a +0 dagger
 20883 | D:13     | Identified a +0 leather armour
 20884 | D:13     | Identified a +0 dagger
 20885 | D:13     | Identified a +0 halberd
 20885 | D:13     | Identified a +0 chain mail
 20886 | D:13     | Identified a +0 long sword
 20886 | D:13     | Identified a cursed +0 plate armour
 20887 | D:13     | Identified a +2 vorpal great sword
 20887 | D:13     | Identified a +0 plate armour
 20888 | D:13     | Identified a +0 hand axe
 20888 | D:13     | Identified a +0 leather armour
 20889 | D:13     | Identified a +0 ring mail
 20898 | D:13     | Identified a +0 trident
 20901 | D:13     | Identified a +0 scimitar
 20901 | D:13     | Identified a +0 plate armour
 20903 | D:13     | Identified a +0 war axe
 20903 | D:13     | Identified a +0 plate armour
 20904 | D:13     | Identified a +0 flail
 20907 | D:13     | Found a roughly hewn altar of Beogh.
 20907 | D:13     | Identified a +0 flail
 20907 | D:13     | Identified a +0 leather armour
 20907 | D:13     | Identified a cursed +0 giant club
 20907 | D:13     | Identified a +0 falchion
 20907 | D:13     | Identified a +0 leather armour
 20907 | D:13     | Identified a +0 battleaxe
 20907 | D:13     | Identified a +0 chain mail
 20907 | D:13     | Identified a +0 long sword
 20907 | D:13     | Identified a +0 chain mail
 20907 | D:13     | Identified a +0 short sword
 20907 | D:13     | Identified a +0 plate armour
 20907 | D:13     | Identified a +0 mace
 20907 | D:13     | Identified a +0 ring mail
 20907 | D:13     | Identified a +0 dagger
 20996 | D:13     | Reached skill level 5 in Spellcasting
 21075 | D:13     | Identified a +0 leather armour
 21123 | D:13     | HP: 25/119 [orc priest/divine providence (10)]
 21138 | D:13     | HP: 22/120 [orc priest/divine providence (8)]
 21775 | D:13     | Identified a +0 great sword
 21775 | D:13     | Identified a +0 ring mail
 21775 | D:13     | Noticed a tengu warrior
 21827 | D:13     | Noticed a boulder beetle
 21848 | D:13     | Killed a boulder beetle
 21849 | D:13     | Reached skill level 2 in Summonings
 21849 | D:13     | Reached skill level 2 in Translocations
 21849 | D:13     | Reached skill level 2 in Poison Magic
 21900 | D:13     | Identified a cursed -3 giant club
 21900 | D:13     | Identified a cursed -1 giant spiked club
 21900 | D:13     | Noticed a two-headed ogre
 21908 | D:13     | Killed a two-headed ogre
 21909 | D:13     | Reached skill level 5 in Conjurations
 21909 | D:13     | Reached skill level 2 in Air Magic
 22191 | D:13     | Found Hiot's Assorted Antiques.
 22200 | D:13     | Bought a scroll of identify for 52 gold pieces
 22200 | D:13     | Bought a scroll labelled QAYWEST QUUGG for 26 gold pieces
 22200 | D:13     | Bought a scroll labelled VUPAOPP QEISUCW for 26 gold pieces
 22200 | D:13     | Bought a potion of lignification for 78 gold pieces
 22200 | D:13     | Bought a scroll of identify for 52 gold pieces
 22200 | D:13     | Bought a scroll of remove curse for 78 gold pieces
 22200 | D:13     | Bought a scroll of identify for 52 gold pieces
 22200 | D:13     | Bought a wand of paralysis (12) for 52 gold pieces
 22200 | D:13     | Identified a potion of ambrosia
 22201 | D:13     | Identified a scroll of vulnerability
 22202 | D:13     | Identified a scroll of amnesia
 22203 | D:13     | Identified 3 scrolls of blinking
 22204 | D:13     | Identified 2 scrolls of fog
 22205 | D:13     | Identified 2 scrolls of random uselessness
 22229 | D:13     | Identified a +0 scimitar
 22259 | D:13     | Identified a +0 short sword
 22259 | D:13     | Identified a +0 chain mail
 22260 | D:13     | Identified a +0 club
 22261 | D:13     | Identified a cursed +0 dagger
 22261 | D:13     | Identified a +0 robe
 22261 | D:13     | Identified a +0 short sword
 22261 | D:13     | Identified a +0 leather armour
 22261 | D:13     | Identified a +1 dagger of speed
 22433 | D:13     | Killed a tengu warrior
 22434 | D:13     | Reached XP level 13. HP: 96/128 MP: 18/21
 22684 | D:14     | Identified a +0 flail
 22684 | D:14     | Identified a +1 ring mail of willpower
 22685 | D:14     | Identified a +1 lajatang of pain
 22685 | D:14     | Identified a +0 robe
 22685 | D:14     | Noticed Agnes
 22685 | D:14     | Identified a +0 mace
 22685 | D:14     | Identified a +0 leather armour
 22809 | Lair:1   | Entered Level 1 of the Lair of Beasts
 22864 | Lair:1   | Identified a scroll of immolation
 23161 | Lair:1   | Identified a scroll of enchant armour
 23257 | Lair:1   | Found a transporter.
 23260 | Lair:1   | Identified the +4 spear "Horaph" {vorpal, *Corrode Int+6}
 23260 | Lair:1   | Identified a +2 robe
 23260 | Lair:1   | Identified a +0 buckler
 23261 | Lair:1   | Identified a +0 dagger
 23261 | Lair:1   | Identified a +0 robe
 23263 | Lair:1   | Noticed dickylongcocking's ghost (journeyman TeAE)
 23263 | Lair:1   | Identified a +0 rapier
 23263 | Lair:1   | Identified a +0 robe
 23264 | Lair:1   | Found a bloodstained altar of Trog.
 23264 | Lair:1   | Identified the +5 trident "Seridu" {vorpal, Dex+3 SInv}
 23264 | Lair:1   | Identified a +2 robe
 23265 | Lair:1   | Identified a +0 short sword
 23265 | Lair:1   | Identified a +0 robe
 23266 | Lair:1   | Identified a +0 short sword
 23266 | Lair:1   | Identified a +0 robe
 23266 | Lair:1   | Identified a +0 buckler
 23275 | Lair:1   | Found a transporter.
 23275 | Lair:1   | Identified a +0 dagger
 23275 | Lair:1   | Identified a +0 robe
 23280 | Lair:1   | Reached skill level 5 in Armour
 23286 | Lair:1   | Identified a +0 short sword
 23286 | Lair:1   | Identified a +0 robe
 24057 | Lair:2   | Identified a potion of berserk rage
 24082 | Lair:2   | Identified a ring of see invisible (You found it on level 2
                  | of the Lair of Beasts)
 24200 | Lair:2   | Identified 2 scrolls of enchant weapon
 24479 | Lair:2   | HP: 32/130 [eight-headed hydra (4)]
 24479 | Lair:2   | HP: 12/130 [eight-headed hydra (7)]
 24479 | Lair:2   | HP: 1/130 [eight-headed hydra (11)]
 24480 | Lair:2   | Slain by an eight-headed hydra

Table legend: (Time is in decaauts)
 A = Elapsed time spent in this place.
 B = Non-inter-level travel time spent in this place.
 C = Inter-level travel time spent in this place.
 D = Time resting spent in this place.
 E = Time spent auto-exploring this place.
 F = Levels seen in this place.
 G = Mean time per level.
                   A        B        C        D        E       F      G
               +--------+--------+--------+--------+--------+-----+--------+
         Total |  24424 |  23473 |    951 |  10151 |   9324 |  16 | 1526.5 |
       Dungeon |  22762 |  21858 |    904 |   9713 |   8275 |  14 | 1625.9 |
          Lair |   1661 |   1615 |     46 |    438 |   1049 |   2 |  830.5 |
               +--------+--------+--------+--------+--------+-----+--------+

Top non-repeatable levels by time:
     D:9: 2542 daAuts
     D:2: 2477 daAuts
    D:11: 2331 daAuts
     D:1: 2134 daAuts
    D:10: 2128 daAuts
    D:13: 1885 daAuts
     D:8: 1593 daAuts
     D:5: 1575 daAuts
     D:4: 1473 daAuts
     D:6: 1338 daAuts
     D:7: 1276 daAuts
  Lair:1: 1219 daAuts
     D:3: 1044 daAuts
    D:12: 935 daAuts
  Lair:2: 441 daAuts

Table legend:
 A = Kills in this place as a percentage of kills in entire the game.
 B = Kills by you in this place as a percentage of kills by you in the entire game.
 C = Kills by friends in this place as a percentage of kills by friends in the entire game.
 D = Other kills in this place as a percentage of other kills in the entire game.
 E = Experience gained in this place as a percentage of experience gained in the entire game.
 F = Experience gained in this place divided by the number of levels of this place that you have seen.
                   A       B       C       D       E      F
               +-------+-------+-------+-------+-------+----------------------
         Total | 100.0 | 100.0 | 100.0 | 100.0 | 100.0 | 2281.2
       Dungeon |  96.9 |  96.8 | 100.0 | 100.0 |  91.0 | 2371.9
          Lair |   3.1 |   3.2 |   0.0 |   0.0 |   9.0 | 1647.0
               +-------+-------+-------+-------+-------+----------------------

Skill      XL: |  1  2  3  4  5  6  7  8  9 10 11 12 13 |
---------------+----------------------------------------+-----
Short Blades   | 1 2 |  2.0
Dodging        | 2 3 5 |  5.0
Fighting       | 1 2 3 5 6 7 8 |  8.8
Maces & Flails | 1 2 3 4 6 9 10 12 | 12.7
Hexes          | 3 4 5 6 |  6.0
Spellcasting   | 3 4 5 |  5.6
Ice Magic      | 1 2 3 4 |  4.0
Conjurations   | 1 2 3 4 5 |  5.3
Throwing       | 1 3 4 5 6 7 |  7.4
Stealth        | 3 4 |  4.0
Armour         | 2 4 5 |  5.0
Earth Magic    | 2 4 |  4.0
Translocations | 2 |  2.7
Poison Magic   | 2 |  2.8
Summonings     | 2 |  2.7
Air Magic      | 2 |  2.7

Action                   |  1- 3 |  4- 6 |  7- 9 | 10-12 | 13-15 || total
-------------------------+-------+-------+-------+-------+-------++-------
Melee: Club              |    71 |    18 |       |       |       ||    89
       Dagger            |    41 |    34 |       |       |       ||    75
       Flail             |       |    95 |   305 |   698 |    64 ||  1162
       Whip              |       |     9 |       |       |       ||     9
Throw: Dart              |    23 |     3 |     4 |     6 |       ||    36
       Javelin           |       |       |     6 |     6 |       ||    12
       Throwing net      |       |       |       |     7 |       ||     7
       Large rock        |       |       |       |     2 |     7 ||     9
 Cast: Corona            |     9 |       |     6 |     3 |       ||    18
       Ensorcelled Hiber |    25 |    37 |       |       |       ||    62
       Tukima's Dance    |       |     7 |    15 |    46 |       ||    68
       Dazzling Flash    |       |     4 |    29 |    31 |       ||    64
       Stone Arrow       |       |       |       |     1 |       ||     1
       Call Imp          |       |       |       |     2 |       ||     2
Invok: Shadow Step       |       |       |       |     1 |     1 ||     2
Evoke: Wand              |       |       |       |    29 |     2 ||    31
  Use: Potion            |       |     1 |       |     6 |     1 ||     8
       Scroll            |       |     1 |     8 |    12 |     7 ||    28
 Stab: Sleeping          |    15 |    21 |     8 |    10 |     3 ||    57
       Invisible         |       |     1 |     7 |    19 |       ||    27
       Distracted        |       |       |     1 |     2 |     1 ||     4
       Held in net/web   |       |       |       |     2 |       ||     2
       Paralysed         |       |       |       |    17 |     5 ||    22
Armor: Robe              |    35 |    31 |    95 |   137 |    12 ||   310
       Skin              |       |       |       |    37 |       ||    37
Dodge: Dodged            |    73 |    93 |   197 |   361 |    30 ||   754

Vanquished Creatures
  Gastronok (D:10)
  2 boulder beetles
  2 two-headed ogres
  A tengu warrior (D:13)
  Nergalle (D:10)
  An orc knight (D:13)
  2 cyclopes
  An ugly thing (D:11)
  4 molten gargoyles (D:9)
  2 gargoyles
  Maurice (D:9)
  Psyche (D:9)
  3 cane toads (Lair:1)
  3 komodo dragons (Lair:1)
  A kobold demonologist (D:12)
  A centaur skeleton (D:12)
  A tengu conjurer (D:13)
  A troll (D:10)
  The ghost of Zdeegee the Grave Robber, an amateur DDNe (D:4)
  6 slime creatures
  A meliai zombie (D:10)
  Sigmund (D:4)
  5 wraiths
  13 yaks
  2 shadows (D:12)
  3 wyverns
  4 basilisks (D:9)
  6 water moccasins
  2 ice beasts
  6 orc warriors
  4 sky beasts
  2 black bears
  8 ogres
  A necrophage (D:10)
  3 wolves
  3 phantoms
  3 centaurs
  2 big kobolds
  12 bullfrogs
  A troll zombie (D:12)
  6 scorpions
  10 killer bees (D:11)
  8 wights
  7 howler monkeys
  A lava snake (D:9)
  2 centaur zombies
  3 bullfrog skeletons
  2 bullfrog zombies
  2 jellies
  10 orc priests
  A water moccasin simulacrum (D:4)
  6 hounds
  Crazy Yiuf (D:2)
  An iguana (D:6)
  12 orc wizards
  11 worker ants
  Terence (D:2)
  A centaur simulacrum (D:4)
  5 ogre zombies (D:12)
  2 hound zombies
  A hound skeleton (D:5)
  3 worker ant zombies
  9 gnolls
  9 adders
  2 hound simulacra (D:4)
  3 shadow imps
  4 white imps
  A howler monkey simulacrum (D:4)
  2 ufetubi
  An adder skeleton (D:5)
  3 adder zombies
  5 worms
  2 dart slugs (D:1)
  An adder simulacrum (D:4)
  4 leopard geckos
  49 orcs
  5 giant cockroaches
  14 goblins
  10 hobgoblins
  7 jackals
  18 kobolds
  A quokka (D:4)
  2 ball pythons
  2 ball python skeletons (D:6)
  8 bats
  6 frilled lizards
  4 goblin zombies (D:12)
  A hobgoblin skeleton (D:12)
  6 orc skeletons (D:12)
  8 orc zombies (D:12)
  A quokka skeleton (D:4)
  7 rats
409 creatures vanquished.

Vanquished Creatures (collateral kills)
  Grum (D:9)
  An orc warrior (D:13)
  2 ogres
  An orc (D:13)
5 creatures vanquished.

Vanquished Creatures (others)
  2 slime creatures (D:13)
  6 dancing weapons
  An orc warrior (D:13)
  A gnoll (D:9)
  13 fungi
  26 plants
49 creatures vanquished.

Grand Total: 463 creatures vanquished
